[Event "1st Anfield Cup 2022"]
[Site "Kyiv"]
[Date "2022.09.25"]
[Round "5.6"]
[White "Samunenkov, Ihor"]
[Black "Kislinsky, Alexey"]
[Result "1-0"]
[ECO "B30"]
[WhiteElo "2469"]
[BlackElo "2301"]
[Annotator "TA"]
[PlyCount "71"]
[EventDate "2022.09.20"]
[EventType "swiss"]
[EventCountry "UKR"]
[SourceTitle "playchess.com"]
[Source "ChessBase"]
[SourceQuality "1"]
[TimeControl "900+10"]

1. e4 c5 2. Nf3 Nc6 3. Bb5 d6 4. O-O Bd7 5. Re1 Nf6 6. c3 a6 7. Bf1 Bg4 8. d4 cxd4 9. cxd4 Bxf3 {[%emt 0:00:10] B51: Sicilian: Moscow Variation (3 Bb5+) without 3...Bd7.} 10. gxf3 {[%emt 0:00:52] d5 is the strong threat.} e5 {[%emt 0:00:02] [#]} 11. d5 $1 Nb8 {[%emt 0:00:01] White is better.} 12. Qb3 Nbd7 13. Qxb7 Be7 14. Be3 ({Don't do} 14. Bxa6 $6 Nc5 15. Qc6+ Nfd7 $11) 14... O-O 15. Nc3 {[%emt 0:00:47][%cal Bb1c3,Bc3e2,Be2g3,Bg3f5][%mdl 32] [#]} ({Worse is} 15. Bxa6 Qa5 16. b4 Qxa6 17. Qxa6 Rxa6 $17) 15... Nh5 $146 ({Predecessor:} 15... Rb8 16. Qxa6 Nh5 17. Bb5 Nc5 18. Qa3 Bg5 19. Bxc5 dxc5 20. Qxc5 Bd2 21. Red1 Qg5+ {½-½ (44) Sjugirov,S (2663)-Safarli,E (2598) Chess.com INT 2021}) 16. Bh3 {[%emt 0:01:28] White has more active pieces. The black rooks are badly placed.} (16. Na4 $16) 16... Ndf6 $2 ({Black should play} 16... Nc5 $1 $14 17. Bxc5 Nf4) 17. Ne2 $18 h6 18. Rac1 $36 {[%emt 0:01:07][%mdl 2048] White has strong initiative.} Rb8 19. Qxa6 Nh7 (19... Nd7 $142 20. Rb1 Nc5) 20. Ng3 Nf4 21. Bxf4 exf4 22. Nf5 Bh4 (22... Ra8 $16 {might work better.} 23. Qe2 Bf6) 23. Qxd6 Rxb2 (23... Qxd6 $16 {was worth a try.} 24. Nxd6 Rxb2) 24. Qxd8 ({And not} 24. Qxf4 Bxf2+ 25. Kh1 Bxe1 26. Rxe1 Rxa2 $11) 24... Bxf2+ (24... Bxd8 $142 25. a4 h5) 25. Kf1 Rxd8 26. Re2 Rxe2 27. Kxe2 Bb6 28. Ne7+ Kf8 29. Nc8 Be3 30. Rc7 Ng5 (30... h5 $142 31. a4 g5) 31. Bd7 {[%emt 0:00:09] White is clearly winning.} g6 32. h4 Nh7 33. e5 {[%emt 0:00:01] [#] Prevents Nf6. Hoping for e6.} Bd4 34. e6 fxe6 35. dxe6 {[%emt 0:00:01] Threatening mate with e7+.} Bf6 {[%emt 0:00:04] Inhibits e7+.} 36. a4 {[%emt 0:00:09] Weighted Error Value: White=0.16 (very precise) /Black=0.50} 1-0

[Event "1st Anfield Cup 2022"]
[Site "Kyiv"]
[Date "2022.09.25"]
[Round "6.1"]
[White "Vysochin, Spartak"]
[Black "Andreev, Eduard"]
[Result "1/2-1/2"]
[ECO "A46"]
[WhiteElo "2512"]
[BlackElo "2413"]
[Annotator "TA"]
[PlyCount "51"]
[EventDate "2022.09.20"]
[EventType "swiss"]
[EventCountry "UKR"]
[SourceTitle "playchess.com"]
[Source "ChessBase"]
[SourceQuality "1"]
[TimeControl "900+10"]

1. d4 Nf6 2. Nf3 e6 3. g3 b6 4. Bg2 Bb7 5. O-O Be7 6. b3 O-O 7. Bb2 d5 8. e3 Nbd7 9. Nbd2 c5 10. c4 {[%emt 0:00:06] [#]} {Predecessor:} Rc8 $146 {E17: Queen's Indian: 4 g3 Bb7 5 Bg2 Be7.} 11. Qe2 dxc4 12. bxc4 cxd4 13. exd4 Bd6 14. Rfe1 Re8 15. Rac1 Qe7 16. Qd3 Nf8 17. d5 h6 18. Nh4 Qd8 19. dxe6 Bxg2 20. exf7+ Kxf7 21. Rxe8 Qxe8 22. Bxf6 Bb7 23. Qxd6 gxf6 24. Qf4 Qc6 25. Ndf3 h5 26. Ne5+ {1-0 (26) Moussard,J (2651)-Shuvalova,P (2493) Chess.com INT 2022} 1/2-1/2

[Event "1st Anfield Cup 2022"]
[Site "Kyiv"]
[Date "2022.09.25"]
[Round "6.2"]
[White "Bakhmatsky, Vladislav"]
[Black "Pavlov, Sergey"]
[Result "1/2-1/2"]
[ECO "A46"]
[WhiteElo "2468"]
[BlackElo "2333"]
[Annotator "TA"]
[PlyCount "92"]
[EventDate "2022.09.20"]
[EventType "swiss"]
[EventCountry "UKR"]
[SourceTitle "playchess.com"]
[Source "ChessBase"]
[SourceQuality "1"]
[TimeControl "900+10"]

1. d4 Nf6 2. Nf3 e6 3. Bf4 c5 4. e3 Nc6 5. Nbd2 d5 6. c3 cxd4 {[%emt 0:00:09] 6...Nh5 is the recent fashion.} 7. exd4 {[%emt 0:00:01] D02: 1 d4 d5 2 Nf3 sidelines, including 2...Nf6 3 g3 and 2...Nf6 3 Bf4.} ({Don't play} 7. Nxd4 Bd6 $11) 7... Nh5 8. Be3 Bd6 9. Ne5 Nf6 10. f4 Qb6 11. Qb3 Ng8 12. Bd3 Nge7 13. O-O f6 {[%emt 0:00:01] [#]} 14. Nxc6 $146 ({Predecessor:} 14. Nef3 O-O 15. Rfe1 Bd7 16. Rac1 Rac8 17. Bb1 Qxb3 18. axb3 a5 19. g3 b5 20. Bf2 {1-0 (72) Ozen,D (2397)-Thybo,J (2568) Tornelo INT 2021}) 14... bxc6 15. Qc2 Rb8 (15... Nf5 $11 16. Bf2 O-O) 16. b4 (16. c4 $5 Qb7 17. Nb3 $14) 16... Ba6 17. Nb3 Bxd3 18. Qxd3 Kf7 19. a4 h5 20. g3 (20. Nc5 {with more complications.} Rbe8 21. Rae1 h4 22. Bf2) 20... Nf5 21. Bf2 Qc7 22. Qf3 Rbg8 23. Be3 g5 24. fxg5 h4 25. Nc5 Bxc5 26. bxc5 hxg3 27. hxg3 Qxg3+ (27... fxg5 $11 28. Qg4 Rg6) 28. Qxg3 $16 {[%emt 0:00:01] Chess con chili.} Nxg3 29. Rxf6+ Ke7 {[%emt 0:00:02] [#] Threatens to win with ...Rh1+.} 30. Ra2 (30. Rh6 $16 {And now Rb1 would win.} Ne4 31. Kh2) 30... Ne4 $11 {[%emt 0:00:27][%csl LRc3,LRf6,LRg5] The position is equal.} 31. Rf3 Nxg5 32. Bxg5+ Rxg5+ {[%emt 0:00:01][%mdl 4096] Endgame KRR-KRR} 33. Rg2 Rhg8 34. Rxg5 Rxg5+ {[%emt 0:00:01] KR-KR} 35. Kf2 Rf5 36. Rxf5 exf5 {[%emt 0:00:00] KP-KP} 37. Ke3 Kf6 38. a5 a6 39. Kf4 Kg6 $1 40. Kf3 Kg5 41. c4 $1 dxc4 42. d5 $1 c3 {[%emt 0:00:11] [#] ( -> ...c2)} (42... cxd5 {is a self mate.} 43. c6 d4 44. c7 d3 45. c8=Q d2 46. Qd8+ Kg6 47. Qxd2) 43. dxc6 c2 44. c7 c1=Q 45. c8=Q Qc3+ 46. Kf2 Qd2+ {[%emt 0:00:32] Weighted Error Value: White=0.06 (flawless) /Black=0.08 (flawless)} 1/2-1/2

[Event "1st Anfield Cup 2022"]
[Site "Kyiv"]
[Date "2022.09.25"]
[Round "6.3"]
[White "Maly, Alexey"]
[Black "Samunenkov, Ihor"]
[Result "1/2-1/2"]
[ECO "E10"]
[WhiteElo "2370"]
[BlackElo "2469"]
[Annotator "TA"]
[PlyCount "61"]
[EventDate "2022.09.20"]
[EventType "swiss"]
[EventCountry "UKR"]
[SourceTitle "playchess.com"]
[Source "ChessBase"]
[SourceQuality "1"]
[TimeControl "900+10"]

1. d4 Nf6 2. c4 e6 3. Nf3 d5 4. e3 Be7 5. Nbd2 O-O 6. Bd3 c5 7. b3 cxd4 8. exd4 b6 9. Bb2 Bb7 10. O-O Nc6 11. Rc1 Rc8 12. Qe2 dxc4 13. bxc4 Re8 {[%emt 0:00:04] E14: Queen's Indian: Classical Variation (4 e3).} 14. Rfd1 Bf8 15. h3 g6 16. Qe3 Bg7 17. Bb1 {[%emt 0:01:41] [#]} Ne7 $146 ({Predecessor:} 17... Re7 18. Ne5 Rec7 19. f4 Na5 20. Bd3 Nd7 21. Nb3 Nc6 22. Be2 Ne7 23. g4 Nxe5 24. dxe5 {½-½ (33) Meissner,R (2232)-Brzezinski,B (2200) ICCF email 2014}) 18. Ne5 Nf5 19. Bxf5 exf5 20. f4 (20. Ndf3 $15) 20... Ne4 $2 (20... Nh5 $19 {And now ...Bh6 would win.} 21. Qf2 Bh6) 21. Nxe4 $11 Bxe4 {[%emt 0:00:03] This bishop pair is nice.} 22. d5 Qd6 (22... Bf8 $11 {keeps the balance.}) 23. Ba3 $16 Qd8 24. Bb2 {[%emt 0:00:44] White is more active.} Qd6 25. Ba3 Qd8 26. Bb2 Qd6 27. Ba3 Qd8 {[#]} 28. d6 $1 {d7 is the strong threat.} Re6 {[#]} (28... Bxe5 $16 29. fxe5 Qd7) 29. d7 $2 (29. c5 $1 $18 ) 29... Rc7 $11 30. Bd6 (30. Qd2 $11) 30... Rb7 (30... Bxe5 $17 31. fxe5 Rxd7) 31. c5 $1 {Weighted Error Value: White=0.34/Black=0.30} 1/2-1/2

[Event "1st Anfield Cup 2022"]
[Site "Kyiv"]
[Date "2022.09.25"]
[Round "6.4"]
[White "Golubev, Mikhail"]
[Black "Shishkin, Vadim"]
[Result "1-0"]
[ECO "B89"]
[WhiteElo "2461"]
[BlackElo "2417"]
[Annotator "TA"]
[PlyCount "45"]
[EventDate "2022.09.20"]
[EventType "swiss"]
[EventCountry "UKR"]
[SourceTitle "playchess.com"]
[Source "ChessBase"]
[SourceQuality "1"]
[TimeControl "900+10"]

1. e4 c5 2. Nf3 Nc6 3. Nc3 d6 4. d4 cxd4 5. Nxd4 Nf6 6. Bc4 e6 7. Be3 Be7 8. Qe2 a6 9. O-O-O Qc7 10. Bb3 Na5 11. g4 O-O 12. g5 Nxb3+ 13. axb3 Nd7 14. Rhg1 b5 15. f4 b4 $1 16. Nf5 {[%emt 0:00:37] B89: Sicilian: Velimirovic Attack.} Nc5 {[%emt 0:05:38] [#]} (16... exf5 $15 17. Nd5 Qd8 18. exf5 Re8) 17. Nd5 $146 ({Predecessor:} 17. Nh6+ gxh6 18. gxh6+ Kh8 19. Qg2 Bf6 20. Bd4 Nxb3+ 21. cxb3 e5 22. fxe5 dxe5 23. Bf2 Bg4 24. Qxg4 {1-0 (37) Anisimov,P (2527)-Lutsko,I (2489) St Petersburg 2006}) 17... exd5 $19 18. Nxg7 {[%emt 0:00:02][%cal Oc1b1] Black is clearly better.} Kxg7 19. Qh5 {[%emt 0:00:29] Bd4+ would kill now.} Rh8 $2 (19... Nxe4 20. Qh6+ Kg8 21. Bd4 f6 22. g6) (19... dxe4 $2 20. Bd4+ Kg8 21. g6 Nxb3+ 22. Kb1 Qxc2+ 23. Kxc2 Nxd4+ 24. Rxd4 hxg6 25. f5 Bxf5 26. Qxf5 Rac8+ 27. Kb1 $18) (19... Kg8 $2 20. g6 fxg6 {[#]} 21. Rxg6+ $1 Kh8 22. Bd4+ Bf6 23. Rxf6 (23. Bxf6+ Rxf6 24. Rxf6 Be6 $14) 23... Nxb3+ 24. Kb1 Nxd4 25. Rxf8+ Kg7 26. Rg1+ Kxf8 27. Qh6+ Ke8 28. Rg8+ Kd7 29. Rg7+ Kc6 30. exd5+ Kb7 31. Rxc7+ Kxc7 32. Qg7+ Bd7 33. Qxd4 $18) ({Better is} 19... Nxb3+ $1 $19 20. Kb1 d4 21. Rxd4 Be6 22. Qh6+ Kh8 23. Rxb4 Rg8 $1 24. cxb3 Rg6) 20. Bd4+ $11 Kf8 $1 (20... Kg8 $2 21. g6 Nxb3+ 22. Kb1 Qxc2+ 23. Kxc2 Nxd4+ 24. Kb1 hxg6 25. Qxd5 $18) 21. Bxh8 dxe4 (21... Nxb3+ $1 $11 22. Kb1 Qa5 23. cxb3 dxe4) 22. Qxh7 $16 {[%emt 0:00:20] aiming for g6. The board is on fire. White is more active.} Bb7 $2 (22... Ke8 $2 23. g6 Be6 24. Qg8+ Bf8 25. g7 Nxb3+ 26. Kb1 $18) (22... Nxb3+ $16 23. Kb1 Qa5 24. Bg7+ (24. cxb3 $2 Bf5 $19) 24... Ke8 25. Qh8+ (25. cxb3 $2 Bf5 $19) 25... Kd7 26. Qh3+ (26. cxb3 Qf5 $16) 26... Ke8 27. Qh8+ (27. Qxb3 Be6 $16) 27... Kd7 28. Qh3+ (28. cxb3 Qf5 $11) 28... Kc6 29. Qxb3 Be6) 23. g6 {[%emt 0:00:25] Weighted Error Value: White=0.45/Black=0.61} 1-0

[Event "1st Anfield Cup 2022"]
[Site "Kyiv"]
[Date "2022.09.25"]
[Round "6.5"]
[White "Maliutin, Oleksandr"]
[Black "Golichenko, Ilija"]
[Result "0-1"]
[ECO "A22"]
[WhiteElo "2232"]
[BlackElo "2413"]
[Annotator "TA"]
[PlyCount "128"]
[EventDate "2022.09.20"]
[EventType "swiss"]
[EventCountry "UKR"]
[SourceTitle "playchess.com"]
[Source "ChessBase"]
[SourceQuality "1"]
[TimeControl "900+10"]

1. c4 Nf6 2. Nc3 e5 3. g3 d5 4. cxd5 Nxd5 5. Nf3 Nc6 6. d3 Be7 7. Bg2 Be6 8. O-O O-O 9. Bd2 h6 10. Rc1 {A29: English Opening: Four Knights Variation with 4 g3.} Qd7 11. Ne4 Bh3 (11... Rfd8 $11) 12. Nc5 (12. Bxh3 $14 {is superior.} Qxh3 13. Qb3) 12... Bxc5 $11 {[%emt 0:00:13] [#]} 13. Rxc5 $146 {[%emt 0:00:05] And now Bxh3 would win.} ({Predecessor:} 13. Bxh3 Qxh3 14. Rxc5 Nf6 15. Qa4 Ng4 16. Rxc6 bxc6 17. Rc1 f5 18. Rxc6 e4 19. dxe4 {1-0 (39) Mickiewicz,P (2308)-Szewczyk,M (2119) Sypniewo 2021}) 13... Bxg2 14. Kxg2 Rad8 15. Qa4 f5 16. Qc4 Kh7 {[%emt 0:00:54] [#]} 17. b4 (17. Rxc6 $1 $11 Qxc6 (17... bxc6 18. Nxe5) 18. Qxc6 bxc6 19. Nxe5) 17... a6 (17... Rfe8 $5 ) 18. a4 Nb6 (18... Rfe8 $1 $15 {was preferrable.} 19. b5 axb5 20. Qxb5 e4 21. dxe4 fxe4) 19. Qh4 Rfe8 20. b5 axb5 21. axb5 Nd4 22. Nxd4 exd4 23. Qh5 Nd5 $1 24. Rfc1 Re5 25. R1c4 Qe7 26. Qf3 $1 {[%emt 0:00:30] Against f4} Nf4+ $2 27. Bxf4 $4 (27. Qxf4 $18 {was the only winning move.} Rxc5 28. Bb4) 27... Rxc5 $19 28. Rxc5 Qxc5 29. Qxb7 $18 {[%emt 0:00:10][%mdl 4096] Endgame KQR-KQB} Rd7 30. h4 Qb6 (30... Re7 $1 $19 31. e3 dxe3 32. Bxe3 Qc2) 31. Qa6 $17 Rd5 32. Qc8 Rc5 33. Qd8 Rxb5 {[%emt 0:00:08] aiming for ...Qc6+.} 34. Qxc7 Qe6 35. Qc2 {[%emt 0:00:13] Inhibits Rb2.} Qd5+ ({Better is} 35... Rb6 $19 36. Qc5 Rb2) 36. Kh2 (36. f3 $17) 36... Rc5 37. Qa4 Ra5 (37... Rc8 $1 $19 {Hoping for ...Ra8.} 38. Qd1 Ra8) 38. Qe8 Ra1 $36 {[%emt 0:00:16][%csl Gd5][%cal Ra1h1][%mdl 2048] Black has strong initiative.} 39. f3 Ra2 ({Black should play} 39... Ra6 $17 {White must now prevent ...Re6.} 40. Kg1 Qa2) 40. h5 Ra8 {Active counter play!} 41. Qe5 {[%emt 0:00:03][%mdl 8192] Loses the game.} ({White should try} 41. Qg6+ $15 Kg8 42. Kg2) 41... Qxe5 $19 42. Bxe5 {[%emt 0:00:10] KR-KB} Ra2 $1 43. Bxd4 (43. Kg1 $142 Rxe2 44. Bxd4) 43... Rxe2+ 44. Kh3 $2 (44. Kg1 {was the only chance.}) 44... Rd2 45. Be5 (45. Bb6 $142) 45... Rxd3 46. Kg2 Rd2+ 47. Kh3 $2 (47. Kg1) 47... Rf2 48. f4 Rf3 49. Kg2 Rb3 {[%emt 0:00:02] Threatens to win with ...Rd3.} 50. Kh3 g5 51. hxg6+ Kxg6 52. Bd4 Rd3 53. Be5 Kh5 54. Bg7 Rd1 55. Be5 Rd2 56. Bg7 Kg6 57. Be5 Kf7 $2 (57... Rd3 58. Bc7 Kf7 59. Be5 Ke6 60. Kh4 Rd1 61. Kh3 h5 62. Bc7 Kd5 63. Bb6 Ke4 64. Kg2 Rd2+ 65. Kh3 Kf3 66. Kh4 Rg2 67. Kxh5 Rxg3 68. Bc7 Rg4 69. Kh6 Ke4 70. Bd6 Rxf4 71. Kg7 Rg4+ 72. Kf6 f4 73. Ke6 Rg6+ 74. Ke7 Rxd6 $1 75. Kxd6 f3 76. Kd7 f2 77. Ke7 f1=Q 78. Kd6 Qc4 79. Ke7 Ke5 80. Kd7 Qb5+ 81. Kd8 Qb7 82. Ke8 Ke6 83. Kf8 Qf7#) 58. Bc3 $2 (58. g4 $19) 58... Rc2 59. Be5 {[%emt 0:00:07] [#]} Ke6 $2 (59... h5 $1 {mates} 60. Bd4 Ke6 61. Bg7 Kd5 62. Bh8 Ke4 63. Bf6 Kf3 64. Kh4 Rg2 65. Be5 Rxg3 66. Kxh5 Rg4 67. Bc7 Ke4 68. Be5 Rxf4 69. Bd6 Rg4 70. Bf8 Rg1 71. Kh4 f4 72. Bc5 Rg2 73. Kh3 f3 74. Bd6 Rg6 75. Bc5 f2 76. Bxf2 Kf3 77. Kh4 Kxf2 78. Kh5 Rg2 79. Kh4 Kf3 80. Kh5 Kf4 81. Kh6 Kf5 82. Kh7 Kf6 83. Kh8 Kf7 84. Kh7 Rh2#) 60. Bg7 $2 (60. g4 $19) 60... h5 {[%emt 0:00:01] Black mates.} 61. Kh4 Rh2+ 62. Kg5 Rh3 63. Bd4 Rxg3+ 64. Kxh5 Rg4 {[%emt 0:00:01] Weighted Error Value: White=0.77/Black=0.42} 0-1

[Event "1st Anfield Cup 2022"]
[Site "Kyiv"]
[Date "2022.09.25"]
[Round "6.6"]
[White "Skliarov, Viktor"]
[Black "Stavroyany, Sergey"]
[Result "1-0"]
[ECO "B31"]
[WhiteElo "2384"]
[BlackElo "2296"]
[Annotator "TA"]
[PlyCount "81"]
[EventDate "2022.09.20"]
[EventType "swiss"]
[EventCountry "UKR"]
[SourceTitle "playchess.com"]
[Source "ChessBase"]
[SourceQuality "1"]
[TimeControl "900+10"]

1. e4 c5 2. Nf3 Nc6 3. Bb5 g6 4. O-O Bg7 5. Re1 e5 6. Bxc6 dxc6 7. d3 Ne7 8. Be3 b6 {[%emt 0:00:01] B31: Sicilian: 2...Nc6 3 Bb5 g6.} 9. Nbd2 h6 10. a3 {[%emt 0:01:56][%cal Ba2a3,Ba3b4][%mdl 32] [#]} g5 $146 {[%emt 0:00:54] White has an edge.} ({Predecessor:} 10... a5 11. b4 cxb4 12. axb4 a4 13. Ra3 b5 14. Qa1 f6 15. Bc5 O-O 16. d4 g5 {1-0 (47) Vasiukov,E (2545)-Arbakov,V (2445) Moscow 1981}) 11. Nc4 Ng6 12. b4 cxb4 13. axb4 {[%emt 0:00:04][%cal Oe3b6] And now Bxb6! would win.} Bg4 14. h3 Be6 15. Nfd2 h5 ({Better is} 15... O-O $14) 16. Ra6 $16 g4 17. h4 (17. Qa1 $16) 17... Qxh4 (17... Nxh4 $14 18. Qa1 O-O) 18. Nd6+ Kf8 19. Bxb6 $1 {[%emt 0:00:08][%mdl 64] Pin} Nf4 20. Nf1 {[%emt 0:02:09] Prevents g3. Active counter play! Pair of Knights!} (20. Rxa7 $6 Rxa7 21. Bxa7 g3 $15) 20... Qg5 (20... Nxg2 $2 21. Kxg2 Bh6 22. Kg1 $18) 21. Be3 (21. Bxa7 Kg8 $11) (21. Rxa7 $6 Rxa7 22. Bxa7 h4 $14) (21. Ne3 $16) 21... h4 $1 $14 {[%emt 0:00:11] Hoping for ...g3.} 22. Nf5 {[%emt 0:00:43] Against g3} (22. Rxc6 g3 23. fxg3 h3 24. gxh3 Nxh3+ 25. Kg2 Nf4+ 26. Bxf4 Bh3+ 27. Kg1 exf4 $15) ({Don't blunder} 22. Rxa7 $2 Rxa7 23. Bxa7 g3 24. fxg3 h3 25. gxh3 Nxh3+ 26. Kg2 Bg4 $19) 22... Bxf5 23. exf5 Qxf5 24. Bc5+ (24. Rxc6 $5 h3 25. g3 h2+ 26. Kh1 $14) 24... Kg8 25. Ne3 $36 {[%emt 0:00:01][%mdl 2048] White has good play.} Qc8 26. Rxa7 ({White should try} 26. Ra3 $11) 26... Rxa7 $15 27. Bxa7 f5 (27... Qd7 $5 28. Bc5 f5 $11) 28. d4 Qd7 {[%emt 0:01:09] [#]} (28... h3 $11 {keeps the balance.} 29. g3 h2+ 30. Kh1 Nh3) 29. dxe5 $1 $16 ({Reject} 29. Bb8 $6 h3 30. dxe5 hxg2 31. Nxg2 Nh3+ 32. Kf1 Qe8 $11) 29... Qxa7 30. Qd8+ Kf7 {[%emt 0:00:01] Loses the game.} (30... Kh7 $1 $14 31. Qg5 Nd5) 31. Qg5 $18 {[%emt 0:00:14] Dancing on a razor blade.} Rh5 $2 (31... g3) 32. Qxf4 h3 $2 (32... Kg6 33. Rd1 Qe7 34. Nxf5 Qg5 35. Qxg5+ Rxg5) 33. Nxf5 h2+ 34. Kh1 Kg6 {[%emt 0:00:01] [#]} 35. Ng3 (35. e6 $142 $1 Be5 (35... Rxf5 36. Qxg4+) 36. Qxg4+ Rg5 37. Qe4 Rxf5 38. g4 Qxf2 39. gxf5+ Kh6 40. Qxe5 Qf3+ 41. Kxh2) 35... Bxe5 36. Qxg4+ (36. Qe4+ $142 Kh6 37. Qxc6+ Kh7 38. Nxh5 Qd4 39. Qe6 g3 40. Rxe5 Qd1+ 41. Re1) 36... Rg5 37. Qe6+ Bf6 38. Ne4 Rf5 39. Qe8+ Kg7 40. Nxf6 Qxf2 41. Ng4 {[%emt 0:00:20] Weighted Error Value: White=0.24 (precise) /Black=0.89} 1-0

[Event "1st Anfield Cup 2022"]
[Site "Kyiv"]
[Date "2022.09.25"]
[Round "7.1"]
[White "Golichenko, Ilija"]
[Black "Golubev, Mikhail"]
[Result "1/2-1/2"]
[ECO "E73"]
[WhiteElo "2413"]
[BlackElo "2461"]
[Annotator "TA"]
[PlyCount "178"]
[EventDate "2022.09.20"]
[EventType "swiss"]
[EventCountry "UKR"]
[SourceTitle "playchess.com"]
[Source "ChessBase"]
[SourceQuality "1"]
[TimeControl "900+10"]

1. d4 Nf6 2. c4 g6 3. Nc3 Bg7 4. e4 d6 5. Be2 O-O 6. Bg5 c5 7. d5 h6 8. Be3 e6 9. h3 exd5 10. exd5 Re8 11. Qd2 Kh7 12. Bd3 Nbd7 (12... b5 $11) 13. Nf3 $14 {[%emt 0:00:04] E74: King's Indian: Averbakh Variation: 6...c5.} Ne5 14. Nxe5 Rxe5 15. O-O {[%emt 0:01:06] White is slightly better.} Bf5 16. Bxf5 $1 Rxf5 17. f4 h5 {[%emt 0:00:03] [#] Against g4} 18. Bf2 $146 (18. g3 $1 $16) ({Predecessor:} 18. g3 Qe7 19. Rae1 Re8 20. b3 Qd7 21. Qd3 Bh6 22. Re2 Kg8 23. Rg2 Bg7 24. Bd2 {1-0 (56) Tratar,M (2492)-Markoja,S (2092) Sentjur 2013}) 18... Qd7 (18... b5 $14) 19. Rae1 $16 Re8 20. Rxe8 Qxe8 {[%emt 0:00:07] [#]} (20... Nxe8 $16 21. Ne2 b5) 21. Bh4 $1 $18 Bh6 22. g3 Bg7 23. Qe2 Qxe2 24. Nxe2 Nxd5 {[%emt 0:00:02] [#]} 25. g4 $1 (25. cxd5 Rxd5 26. Kf2 Rd2 $14) 25... hxg4 26. hxg4 ({Worse is} 26. cxd5 gxh3 27. Rd1 Bxb2 $11) 26... Nxf4 27. Nxf4 ({Much less strong is} 27. gxf5 $6 Nxe2+ 28. Kf2 Nd4 $16) 27... Re5 28. Bg3 Re4 (28... Rg5 {was called for.}) 29. b3 Be5 30. Kg2 {[%emt 0:00:09] Hoping for Kf3.} g5 31. Nd3 Bxg3 32. Kxg3 {[%emt 0:00:03][%mdl 4096] Endgame KRN-KR} Kg6 33. Re1 {[%emt 0:00:20] Inhibits Re3+.} (33. Rd1 $18) 33... Rd4 (33... Rxe1 $16 {might work better.} 34. Nxe1 f5) 34. Re3 (34. Nf2 $18) 34... f5 $16 35. gxf5+ Kxf5 36. Rf3+ Ke6 37. a4 b6 38. Nf2 (38. Re3+ $16 Kf5 39. Rf3+ Ke6 40. Nc1) 38... d5 $1 $14 39. cxd5+ Kxd5 40. Ng4 a6 41. Rf5+ Kd6 42. Rf6+ Kc7 43. Ne5 Rb4 44. Rf3 b5 45. a5 c4 {[%emt 0:00:04] Prevents Nd3.} 46. bxc4 {[%emt 0:00:19] Black must now prevent c5.} bxc4 47. Rf6 Rb3+ 48. Kg4 {[%emt 0:00:04] aiming for Rc6+.} c3 49. Rxa6 (49. Rc6+ $14 Kb7 50. Rc4 (50. Kxg5 Rb5 $11)) 49... Rb5 50. Rc6+ Kb7 51. a6+ Ka7 52. Nd3 Rb6 53. Rxc3 {[%emt 0:00:05] Threatens to win with Nc5.} Kxa6 54. Kxg5 Rb5+ 55. Kf6 Kb6 56. Ke6 Rh5 57. Ne5 Kb5 58. Kd5 Kb4 59. Rc4+ Kb3 60. Re4 Kc3 61. Re3+ Kd2 62. Rg3 Kc2 63. Kd4 Rh4+ 64. Ng4 Kb2 65. Kc4 Rh8 66. Rg2+ Kc1 ({Better is} 66... Ka3 $11) 67. Ne3 $1 Rc8+ 68. Kb3 Rb8+ 69. Kc3 Rc8+ 70. Nc4 Kd1 71. Ra2 Ke1 72. Kd3 Rd8+ {[%emt 0:00:04] The position is equal.} 73. Ke4 Re8+ 74. Ne5 Kd1 75. Kd4 Rd8+ 76. Ke3 Re8 77. Ra5 Kc2 78. Rc5+ Kb3 79. Kd2 Rh8 80. Rb5+ Ka4 81. Rb1 Rh2+ 82. Kc3 Rh3+ 83. Kc4 Rh4+ 84. Kc5 Rh5 85. Rb4+ Ka3 86. Re4 Kb3 87. Re3+ Kc2 88. Kb4 Rh8 89. Nd7 Rh4+ {[%emt 0:00:07] Blacks defense is rewarded with a draw.  Weighted Error Value: White=0.13 (very precise) /Black=0.16 (very precise)} ({Black should play} 89... Kd2 $11) 1/2-1/2

[Event "1st Anfield Cup 2022"]
[Site "Kyiv"]
[Date "2022.09.25"]
[Round "7.2"]
[White "Samunenkov, Ihor"]
[Black "Bakhmatsky, Vladislav"]
[Result "1/2-1/2"]
[ECO "E04"]
[WhiteElo "2469"]
[BlackElo "2468"]
[Annotator "TA"]
[PlyCount "57"]
[EventDate "2022.09.20"]
[EventType "swiss"]
[EventCountry "UKR"]
[SourceTitle "playchess.com"]
[Source "ChessBase"]
[SourceQuality "1"]
[TimeControl "900+10"]

1. d4 Nf6 2. c4 e6 3. Nf3 d5 4. g3 dxc4 5. Bg2 c5 6. O-O Nc6 7. dxc5 Qxd1 8. Rxd1 Bxc5 9. Nbd2 c3 10. bxc3 O-O 11. Nb3 Be7 12. Nfd4 Bd7 13. Nb5 {[%emt 0:01:31] E04: Open Catalan: 5 Nf3.} Ne5 14. Nd6 Bxd6 15. Rxd6 Bc6 16. Bxc6 Nxc6 17. Nc5 (17. c4 $11) 17... Na5 $1 $15 18. Bg5 {[%emt 0:04:05] [#]} Nd5 $146 {[%emt 0:03:09] Pair of Knights!} ({Predecessor:} 18... Rfc8 19. Bxf6 Rxc5 20. Bd4 Rc7 21. Bxa7 Nc4 22. Rd3 h5 23. Be3 Nxe3 24. Rxe3 {½-½ (24) Jirka,J (2393)-Cernousek,L (2422) Brno 2006}) 19. e4 Nxc3 ({Better is} 19... Nb6 $15) 20. Rd3 $36 {[%emt 0:00:23][%mdl 2048] White has the initiative.} Nb5 21. Rb1 {[%emt 0:00:05][%mdl 1024] White has compensation.} (21. a4 $5 Nc7 22. Rc1 $14) 21... a6 22. Nd7 {[%emt 0:01:54] The position is equal.} Rfe8 23. a4 Na7 24. Nb6 Rab8 25. Rbd1 {[%emt 0:00:30] Threatens to win with Bf4.} N7c6 26. Nd7 Rbc8 27. Nb6 Rb8 (27... Ne5 $2 28. Nxc8 Nxd3 29. Nd6 (29. Ne7+ Kf8 $14) 29... Nxf2 30. Kxf2 $18) 28. Nd7 {[%emt 0:00:20] Inhibits Ne5.} Rbc8 29. Nb6 {[%emt 0:00:01] Against Nc4.  Weighted Error Value: White=0.08 (flawless) /Black=0.08 (flawless)} 1/2-1/2

[Event "1st Anfield Cup 2022"]
[Site "Kyiv"]
[Date "2022.09.25"]
[Round "7.3"]
[White "Andreev, Eduard"]
[Black "Skliarov, Viktor"]
[Result "1/2-1/2"]
[ECO "B30"]
[WhiteElo "2413"]
[BlackElo "2384"]
[Annotator "RC"]
[PlyCount "49"]
[EventDate "2022.09.20"]
[EventType "swiss"]
[EventCountry "UKR"]
[SourceTitle "playchess.com"]
[Source "ChessBase"]
[SourceQuality "1"]
[TimeControl "900+10"]

1. e4 c5 2. Nf3 Nc6 3. Bb5 e6 4. O-O Nge7 5. Nc3 Nd4 6. Nxd4 cxd4 7. Ne2 g6 8. c3 a6 9. Ba4 b5 10. Bc2 dxc3 11. dxc3 Bg7 12. Qd6 O-O 13. Bg5 f6 14. Be3 Nc6 15. f4 Re8 16. a4 Bf8 17. Qd2 b4 18. c4 Bb7 19. Rad1 Na5 20. b3 d5 21. cxd5 exd5 22. e5 d4 23. Nxd4 fxe5 24. fxe5 Rxe5 25. Qf2 1/2-1/2